 Dungeon Crawl Stone Soup version 0.32-a0-913-g739538afd8 (webtiles) character file.

Game seed: 15536694076598075333

1364 Rohain the Grasshopper (level 8, -5/64 HPs)
             Began as a Gnoll Warper on Apr 9, 2024.
             Slain by a gnoll
             ... wielding a +0 halberd
             ... led by a gnoll bouda
              (7 damage)
             ... on level 5 of the Dungeon.
             The game lasted 00:07:07 (5588 turns).

Rohain the Grasshopper (Gnoll Warper)               Turns: 5588, Time: 00:07:08

Health: -5/64      AC:  4    Str: 11    XL:     8   Next: 64%
Magic:  17/17      EV: 12    Int: 13    God:
Gold:   268        SH:  0    Dex: 13    Spells: 10/19 levels left

rFire   . . .        r - +1 short sword (venom)
rCold   + . .        x - orb {light}
rNeg    . . .        z - +1 leather armour {rC+}
rPois   .            (no helmet)
rElec   .            (no cloak)
rCorr   .            (no gloves)
SInv    .            (no boots)
Will    .....        (no amulet)
Stlth   +            g - ring of wizardry
HPRegen 0.30/turn    (no ring)
MPRegen 0.15/turn

%: wizardry (x1)
@: glowing
A: fangs 1, strong nose, distributed training
a: no special abilities


You were on level 5 of the Dungeon.
You visited 1 branch of the dungeon, and saw 5 of its levels.

You collected 268 gold pieces.

Inventory:

Hand Weapons
 a - a +1 falchion
 r - a +1 short sword of venom (weapon)
Missiles
 d - 7 darts of dispersal
 f - 16 poisoned darts (quivered)
 o - 2 throwing nets
Armour
 b - a +1 leather armour
 l - a scarf of harm
 x - an orb of light (worn)
 z - a +1 leather armour of cold resistance (worn)
Jewellery
 g - a ring of wizardry (left hand)
Wands
 s - a wand of flame (19)
 y - a wand of iceblast (5)
 A - a wand of polymorph (8)
Scrolls
 c - a scroll of blinking
 e - a scroll of amnesia
 k - 2 scrolls of teleportation
 m - 3 scrolls of identify
 q - a scroll of fog {unknown}
 u - a scroll of immolation
 v - a scroll of poison {unknown}
 w - a scroll of fear {unknown}
Potions
 h - a potion of heal wounds
 i - a potion of magic {unknown}
 j - 2 potions of haste
 n - 2 potions of curing
 p - a potion of enlightenment {unknown}
 t - a potion of might {unknown}


   Skills:
 + Level 5.9 Fighting
 + Level 3.6 Short Blades
 + Level 5.9 Long Blades
 + Level 3.6 Axes
 + Level 3.6 Maces & Flails
 + Level 3.6 Polearms
 + Level 3.6 Staves
 + Level 3.6 Ranged Weapons
 + Level 4.5 Throwing
 + Level 4.5 Armour
 + Level 5.9 Dodging
 + Level 3.6 Stealth
 + Level 3.6 Shields
 + Level 3.6 Unarmed Combat
 + Level 6.2 Spellcasting
 + Level 2.9 Conjurations
 + Level 2.9 Hexes
 + Level 2.9 Summonings
 + Level 2.9 Necromancy
 + Level 6.2 Translocations
 + Level 2.9 Fire Magic
 + Level 2.9 Ice Magic
 + Level 2.9 Air Magic
 + Level 2.9 Earth Magic
 + Level 2.9 Alchemy
 + Level 4.0 Invocations
 + Level 3.6 Evocations
 + Level 3.2 Shapeshifting


You had 10 spell levels left.
You knew the following spells:

 Your Spells              Type           Power      Damage    Failure   Level
a - Blink                 Tloc           40%        N/A       1%          2
b - Maxwell's Portable P  Tloc           20%        2d(7-19)  1%          3
c - Vhi's Electric Charg  Tloc/Air       32%        N/A       12%         4

Your spell library contained the following spells:

 Spells                   Type           Power      Damage    Failure   Level
 Lesser Beckoning         Tloc           40%        N/A       1%          2
 Teleport Other           Tloc           20%        N/A       1%          3
 Passage of Golubria      Tloc           20%        N/A       6%          4
 Tukima's Dance           Hex            11%        N/A       8%          3
 Iskenderun's Battlesphe  Conj           11%        2d7       52%         5
 Yara's Violent Unravell  Hex/Alch       5%         3d4       52%         5
 Bombard                  Conj/Erth      5%         9d2       97%         6
 Spellforged Servitor     Conj/Summ      5%         N/A       100%        7


Dungeon Overview and Level Annotations

Branches:
Dungeon (5/15)
 Temple: D:4-7

Altars:
Gozag
Nemelex Xobeh
Uskayaw


Innate Abilities, Weirdness & Mutations

You have very sharp teeth.
Your uncanny sense of smell can sniff out nearby items.
Your experience applies equally to all skills.


Message History

The gnoll hits you from afar with a +0 spear.
The gnoll barely misses you. The gnoll misses you.
The gnoll bouda attacks as it pursues you!
The gnoll bouda hits you with a +0 club.
The gnoll hits you from afar with a +0 spear.
The gnoll bouda barks out a call to the hunt!
The gnolls pick up the pace!
The gnoll hits you from afar with a +0 spear.
The gnoll is no longer moving quickly.
The gnoll attacks as it pursues you! The gnoll misses you.
The gnoll completely misses you. The gnoll attacks as it pursues you!
The gnoll misses you.
The gnoll is no longer moving quickly.
The gnoll bouda barks out a call to the hunt!
The gnolls pick up the pace!
The gnoll attacks as it pursues you!
The gnoll hits you from afar with a +0 spear!
* * * LOW HITPOINT WARNING * * *
The gnoll attacks as it pursues you!
The gnoll hits you from afar with a +0 halberd.
* * * LOW HITPOINT WARNING * * *
The gnoll attacks as it pursues you!
The gnoll hits you from afar with a +0 spear.
* * * LOW HITPOINT WARNING * * *
You feel much better.
The gnoll hits you from afar with a +0 halberd!
The gnoll barely misses you. The gnoll closely misses you.
The gnoll bouda gazes fiercely through you!
You feel your attacks grow feeble. The gnoll attacks as it pursues you!
The gnoll hits you from afar with a +0 halberd!
* * * LOW HITPOINT WARNING * * *
Your attacks no longer feel as feeble.
The gnoll attacks as it pursues you!
The gnoll hits you from afar with a +0 halberd!
* * * LOW HITPOINT WARNING * * *
The gnoll misses you. The gnoll attacks as it pursues you!
The gnoll hits you from afar with a +0 halberd!
You die...

#######.#[#########.#.########
#.....#.....#)...)#.....#...
#.#########.#.#########.#.##
#...........#...........#...
############################
#..# ##.... ##.## ##.....
##.## ###...... #.@####
##........ ##..g.####.†.......
##..##gg.g..........
##.########g......... ###.##
#.......... ##..## #..........
##..## ##......... # ##..##
#.......## ## ###..##
##...#.##


You could see a gnoll bouda and 4 gnolls.

Vanquished Creatures
  Pikel (D:5)
  Eustachio (D:5)
  2 black bears
  A phantom (D:2)
  3 lemures (D:5)
  A scorpion (D:5)
  A bombardier beetle (D:4)
  An orc priest (D:3)
  3 hounds (D:5)
  Jessica (D:2)
  Ijyb (D:5)
  4 iguanas
  4 gnolls
  6 adders
  5 dart slugs
  4 orcs
  14 ball pythons
  4 bats
  5 endoplasms
  2 giant cockroaches
  6 goblins
  5 hobgoblins
  4 kobolds
  5 quokkas
  6 rats
90 creatures vanquished.

Notes
Turn   | Place    | Note
-------+----------+-------------------------------------------
     0 | D:1      | Rohain the Gnoll Warper began the quest for the Orb.
     0 | D:1      | Reached XP level 1. HP: 20/20 MP: 6/6
    91 | D:1      | Reached XP level 2. HP: 22/26 MP: 7/7
   443 | D:1      | Found a faded altar of an unknown god.
   470 | D:1      | Reached skill level 5 in Spellcasting
   470 | D:1      | Reached XP level 3. HP: 28/31 MP: 7/9
   713 | D:2      | Learned a level 2 spell: Blink
   717 | D:2      | Learned a level 3 spell: Maxwell's Portable Piledriver
   764 | D:2      | Reached skill level 1 in Invocations
  1023 | D:2      | Noticed Jessica
  1029 | D:2      | Killed Jessica
  1030 | D:2      | Reached skill level 1 in Short Blades
  1030 | D:2      | Reached skill level 1 in Axes
  1030 | D:2      | Reached skill level 1 in Maces & Flails
  1030 | D:2      | Reached skill level 1 in Polearms
  1030 | D:2      | Reached skill level 1 in Staves
  1030 | D:2      | Reached skill level 1 in Ranged Weapons
  1030 | D:2      | Reached skill level 1 in Stealth
  1030 | D:2      | Reached skill level 1 in Shields
  1030 | D:2      | Reached skill level 1 in Unarmed Combat
  1030 | D:2      | Reached skill level 1 in Evocations
  1030 | D:2      | Reached skill level 1 in Shapeshifting
  1030 | D:2      | Reached XP level 4. HP: 38/38 MP: 7/11
  1228 | D:2      | Reached skill level 1 in Conjurations
  1228 | D:2      | Reached skill level 1 in Hexes
  1228 | D:2      | Reached skill level 1 in Summonings
  1228 | D:2      | Reached skill level 1 in Necromancy
  1228 | D:2      | Reached skill level 1 in Fire Magic
  1228 | D:2      | Reached skill level 1 in Ice Magic
  1228 | D:2      | Reached skill level 1 in Air Magic
  1228 | D:2      | Reached skill level 1 in Earth Magic
  1228 | D:2      | Reached skill level 1 in Alchemy
  1646 | D:3      | Found an opulent altar of Gozag.
  1692 | D:3      | Noticed a phantom
  2021 | D:3      | Found a sparkling altar of Nemelex Xobeh.
  2156 | D:2      | Killed a phantom
  2157 | D:2      | Reached XP level 5. HP: 15/43 MP: 4/12
  3313 | D:4      | Reached XP level 6. HP: 50/50 MP: 14/14
  3413 | D:4      | Reached skill level 5 in Fighting
  3413 | D:4      | Reached skill level 5 in Long Blades
  3413 | D:4      | Reached skill level 5 in Dodging
  3519 | D:4      | Noticed a black bear
  3529 | D:4      | Killed a black bear
  3904 | D:4      | Reached XP level 7. HP: 52/56 MP: 15/15
  4147 | D:5      | Entered Level 5 of the Dungeon
  4326 | D:5      | Found a hide-covered altar of Uskayaw.
  4463 | D:5      | Noticed Eustachio
  4485 | D:5      | Killed Eustachio
  4600 | D:5      | Noticed Pikel
  4692 | D:5      | Killed Pikel
  4693 | D:5      | Reached XP level 8. HP: 19/64 MP: 5/17
  4903 | D:5      | Learned a level 4 spell: Vhi's Electric Charge
  5021 | D:5      | Noticed Ijyb
  5028 | D:5      | Killed Ijyb
  5587 | D:5      | HP: 2/64 [gnoll/+0 halberd[a gnoll bouda] (10)]
  5588 | D:5      | Slain by a gnoll

Illustrated notes

Levels and vault maps discovered:
D:1:      arrival_zaba_pyramid, layout_basic, ebering_ecumenical_altar_rust
D:2:      layout_basic, uniq_jessica
D:3:      layout_basic, mainiacjoe_overflow_24_doors,
          nemelex_xobeh_ov_fountains_minmay
D:4:      layout_loops_ring, moated_statue
D:5:      layout_cave_pods, nicolae_uskayaw_murder_on_the_dancefloor,
          chequers_decorated_corner, roderic_serpentine_path, uniq_eustachio,
          uniq_ijyb, uniq_pikel

Skill      XL: |  1  2  3  4  5  6  7  8 |
---------------+-------------------------+-----
Spellcasting   | 5 6 |  6.2
Invocations    | 1 2 3 4 |  4.0
Short Blades   | 1 2 3 |  3.6
Axes           | 1 2 3 |  3.6
Maces & Flails | 1 2 3 |  3.6
Polearms       | 1 2 3 |  3.6
Staves         | 1 2 3 |  3.6
Ranged Weapons | 1 2 3 |  3.6
Stealth        | 1 2 3 |  3.6
Shields        | 1 2 3 |  3.6
Unarmed Combat | 1 2 3 |  3.6
Evocations     | 1 2 3 |  3.6
Shapeshifting  | 1 2 3 |  3.2
Conjurations   | 1 2 |  2.9
Hexes          | 1 2 |  2.9
Summonings     | 1 2 |  2.9
Necromancy     | 1 2 |  2.9
Fire Magic     | 1 2 |  2.9
Ice Magic      | 1 2 |  2.9
Air Magic      | 1 2 |  2.9
Earth Magic    | 1 2 |  2.9
Alchemy        | 1 2 |  2.9
Throwing       | 3 4 |  4.5
Armour         | 3 4 |  4.5
Fighting       | 5 |  5.9
Long Blades    | 5 |  5.9
Dodging        | 5 |  5.9
Translocations | 6 |  6.2

Action                     |  1- 3 |  4- 6 |  7- 9 || total
---------------------------+-------+-------+-------++-------
  Melee: Falchion          |    64 |   110 |       ||   174
         Bite              |     4 |    18 |    15 ||    37
         Short sword       |       |    46 |   112 ||   158
   Cast: Maxwell's Portabl |     1 |     6 |     6 ||    13
         Blink             |       |       |     1 ||     1
         Vhi's Electric Ch |       |       |     2 ||     2
    Use: Scroll            |     4 |     5 |       ||     9
         Potion            |       |       |     1 ||     1
   Stab: Sleeping          |     2 |     4 |     1 ||     7
         Distracted        |       |       |     1 ||     1
 Armour: Leather armour    |    44 |   135 |    77 ||   256
  Dodge: Dodged            |    39 |   113 |    90 ||   242

Table legend: (Time is in decaauts)
 A = Elapsed time spent in this place.
 B = Non-inter-level travel time spent in this place.
 C = Inter-level travel time spent in this place.
 D = Time resting spent in this place.
 E = Time spent auto-exploring this place.
 F = Levels seen in this place.
 G = Mean time per level.
                   A        B        C        D        E       F      G
               +--------+--------+--------+--------+--------+-----+--------+
         Total |   5578 |   5431 |    147 |    561 |   3880 |   5 | 1115.6 |
       Dungeon |   5578 |   5431 |    147 |    561 |   3880 |   5 | 1115.6 |
               +--------+--------+--------+--------+--------+-----+--------+

Top non-repeatable levels by time:
     D:5: 1425 daAuts
     D:3: 1243 daAuts
     D:2: 1174 daAuts
     D:4: 1029 daAuts
     D:1: 705 daAuts
